 Dungeon Crawl Stone Soup version 0.31.0-32-g396128a36d (webtiles) character file.

Game seed: 1210369337309110571

480 AdnanSaban the Cudgeller (level 7, -2/44 HPs)
             Began as a Gargoyle Fighter on Apr 14, 2024.
             Slain by an ogre
             ... wielding a +0 giant spiked club
              (12 damage)
             ... on level 5 of the Dungeon.
             The game lasted 00:05:43 (3968 turns).

AdnanSaban the Cudgeller (Gargoyle Fighter)         Turns: 3968, Time: 00:05:43

Health: -2/44      AC: 19    Str: 21    XL:     7   Next: 11%
Magic:  7/7        EV:  8    Int:  9    God:
Gold:   171        SH:  4    Dex:  9    Spells: 6/6 levels left

rFire   . . .        a - +0 flail
rCold   . . .        c - +0 buckler
rNeg    + . .        p - +0 chain mail
rPois   ∞            n - +0 helmet
rElec   +            (no cloak)
rCorr   .            (no gloves)
SInv    +            (no boots)
Will    .....        (no amulet) Stlth
                     q - +4 ring of protection
HPRegen 0.27/turn    m - ring of see invisible
MPRegen 0.10/turn

%: no passive effects
@: no status effects
A: sickness immunity, AC +4, negative energy resistance 1, electricity
resistance, torment resistance 1, petrification resistance
a: no special abilities


You were on level 5 of the Dungeon.
You visited 1 branch of the dungeon, and saw 5 of its levels.

You collected 171 gold pieces.

Inventory:

Hand Weapons
 a - a +0 flail (weapon)
Missiles
 f - 6 silver javelins
 t - 4 atropa-tipped darts (quivered)
 B - 2 boomerangs
Armour
 c - a +0 buckler (worn)
 n - a +0 helmet (worn)
 p - a +0 chain mail (worn)
Jewellery
 m - a ring of see invisible (right hand)
 q - a +4 ring of protection (left hand)
 C - a ring of positive energy
Wands
 j - a wand of paralysis (7)
 A - a wand of mindburst (14)
Scrolls
 e - 6 scrolls of identify {unknown}
 i - 2 scrolls of brand weapon {unknown}
 l - a scroll of amnesia {unknown}
 o - 4 scrolls of teleportation {unknown}
 r - 2 scrolls of enchant armour {unknown}
 w - a scroll of immolation {unknown}
 y - a scroll of noise {unknown}
Potions
 b - 2 potions of curing {unknown}
 d - 3 potions of might
 g - a potion of brilliance {unknown}
 h - a potion of mutation {unknown}
 k - a potion of attraction {unknown}
 s - a potion of haste {unknown}
 u - 4 potions of enlightenment {unknown}
 v - a potion of ambrosia {unknown}
 x - a potion of degeneration {unknown}
 z - a potion of lignification {unknown}


   Skills:
 + Level 4.4 Fighting
 + Level 5.5 Maces & Flails
 + Level 0.1 Throwing
 + Level 4.5 Armour
 + Level 0.7 Dodging
 + Level 0.6 Stealth
 + Level 4.2 Shields


You had 6 spell levels left.
You didn't know any spells.
Your spell library contained the following spells:

 Spells                   Type           Power      Damage    Failure   Level
 Apportation              Tloc           0%         N/A       97%         1
 Necrotise                Necr           0%         1d4       97%         1
 Sting                    Conj/Alch      0%         1d3       97%         1
 Summon Small Mammal      Summ           0%         N/A       97%         1


Dungeon Overview and Level Annotations

Branches:
Dungeon (5/15)
 Temple: D:4-7

Altars:
Ashenzari
Zin

Shops:
D:4 :(=

Annotations:
D:3 2 transporters, NikiYani's ghost, amateur GnWr
D:4 2 transporters, MrIGI's ghost, amateur TeAE
D:5 2 runed translucent doors


Innate Abilities, Weirdness & Mutations

You are immune to sickness and miasma.
Your stone body is resilient. (AC +4)
You are immune to poison.
You resist negative energy. (rN+)
You are resistant to electric shocks. (rElec)
You are resistant to unholy torment.
You are immune to petrification.


Message History

The ogre shouts!
A phantom comes into view.
There are monsters nearby!
There are monsters nearby!
You see here a scorpion corpse.
There is an open door here.
The phantom hits you.
The phantom blinks!
You blink.
The phantom closely misses you.
You barely miss the phantom. The phantom barely misses you.
A gargoyle comes into view. It is wielding a +0 mace.
The phantom attacks as it pursues you! The phantom closely misses you.
You barely miss the phantom.
The phantom hits you but does no damage.
You sock the phantom!
The phantom is moderately damaged.
The phantom closely misses you.
You closely miss the phantom.
The phantom is moderately damaged.
The ogre hits you with a +0 giant spiked club.
The phantom hits you but does no damage.
The phantom hits you.
The phantom blinks!
You blink.
The phantom attacks as it pursues you!
The phantom hits you but does no damage.
The phantom attacks as it pursues you!
The phantom hits you but does no damage.
What are your orders? t - Shout!
Orders for allies: a - Attack new target. r - Retreat! s - Stop attacking. g - Guard the area. f - Follow me.
Anything else - Cancel.
Okay, then.
The ogre hits you with a +0 giant spiked club!!
Ouch! That really hurt!
The gargoyle hurls a stone arrow at you.
The stone arrow hits you!
* * * LOW HITPOINT WARNING * * *
The ogre attacks as it pursues you!
The ogre hits you with a +0 giant spiked club!
You die...

#..#.......##.........
#........###.....)).<
#....#..## ##.....)..
##..##..# #....))..
.####....)## ##<......
.....#...## ##....##
#........# ##.###
###.....## ### #
####.@## ## ##O.# ###.
##.# ##... #W# ##....
#9## #..... #..#
#.##.. ##.# #####.....
#.#####.9.......
#...##..######..


You could see a gargoyle, an ogre and a phantom.

Vanquished Creatures
  A scorpion (D:5)
  Blork the orc (D:4)
  A jelly (D:4)
  A bombardier beetle (D:4)
  2 iguanas (D:4)
  11 adders
  A gnoll (D:1)
  A white imp (D:3)
  4 dart slugs
  8 orcs
  9 endoplasms
  3 giant cockroaches
  5 hobgoblins
  6 jackals
  6 quokkas
  7 ball pythons
  7 bats
  3 frilled lizards
  10 goblins
  10 kobolds
  22 rats
119 creatures vanquished.

Notes
Turn   | Place    | Note
-------+----------+-------------------------------------------
     0 | D:1      | AdnanSaban the Gargoyle Fighter began the quest for the
                  | Orb.
     0 | D:1      | Reached XP level 1. HP: 14/14 MP: 1/1
    56 | D:1      | Reached XP level 2. HP: 19/19 MP: 2/2
   166 | D:1      | Reached XP level 3. HP: 24/24 MP: 3/3
   603 | D:2      | Reached XP level 4. HP: 27/29 MP: 4/4
   736 | D:2      | Reached skill level 3 in Maces & Flails
  1497 | D:3      | Noticed NikiYani's ghost (amateur GnWr)
  1499 | D:3      | Found a transporter.
  1567 | D:3      | Reached XP level 5. HP: 33/33 MP: 5/5
  1841 | D:3      | Found a transporter.
  2197 | D:4      | Reached skill level 4 in Maces & Flails
  2217 | D:4      | Found a broken altar of Ashenzari.
  2284 | D:4      | Found Hoic's Jewellery Emporium.
  2398 | D:4      | Noticed Blork the orc
  2695 | D:4      | Killed Blork the orc
  2696 | D:4      | Reached XP level 6. HP: 19/38 MP: 6/6
  2847 | D:4      | Found Tuppeutwull's Weapon Boutique.
  2874 | D:4      | Reached skill level 5 in Maces & Flails
  2947 | D:4      | Found Etuoca's Book Emporium.
  3213 | D:4      | Paralysed by an orc for 2 turns
  3221 | D:4      | Paralysed by an orc for 4 turns
  3309 | D:4      | Found a glowing silver altar of Zin.
  3336 | D:4      | Found a transporter.
  3544 | D:4      | Found a transporter.
  3571 | D:4      | Noticed MrIGI's ghost (amateur TeAE)
  3683 | D:5      | Entered Level 5 of the Dungeon
  3848 | D:5      | Found a large runed translucent door.
  3849 | D:5      | Found a large runed translucent door.
  3858 | D:5      | Noticed a steam dragon
  3858 | D:5      | Noticed an acid dragon
  3889 | D:5      | Reached XP level 7. HP: 40/44 MP: 7/7
  3932 | D:5      | Noticed a gargoyle
  3968 | D:5      | Slain by an ogre

Illustrated notes

Levels and vault maps discovered:
D:1:      lemuel_arrival_hallway, layout_basic
D:2:      layout_loops_ring
D:3:      layout_loops_ring, gammafunk_ghost_arena, minmay_rat_hole
D:4:      layout_basic, old_standard_altar,
          mainiacjoe_overflow_concentric_impassable,
          gammafunk_ghost_gnarly_gnolls, serial_shops, shop,
          nicolae_shop_behind_doors, shop, st_stairs_1, minmay_pentomino_pile,
          uniq_blork_the_orc
D:5:      layout_cave_pods, mainiacjoe_overflow_chevrons,
          minmay_temple_entry_hall, minmay_hollow_rounded_squares

Skill      XL: |  1  2  3  4  5  6 |
---------------+-------------------+-----
Fighting       | 4 |  4.4
Maces & Flails | 3 4 5 |  5.5
Shields        | 4 |  4.2
Armour         | 4 |  4.5
Throwing       | |  0.1
Dodging        | |  0.7
Stealth        | |  0.6

Action                     |  1- 3 |  4- 6 |  7- 9 || total
---------------------------+-------+-------+-------++-------
  Melee: Flail             |    81 |   336 |     4 ||   421
  Throw: Dart              |       |     3 |       ||     3
 Armour: Scale mail        |    47 |    27 |       ||    74
         Chain mail        |       |   180 |    10 ||   190
  Dodge: Dodged            |    54 |   148 |     4 ||   206
  Block: Buckler           |    14 |    77 |       ||    91
